 Dungeon Crawl Stone Soup version 0.27-a0-1136-g0b992a5a9d (webtiles) character file.

Game seed: 276375379703731773

102 Zeld the Shield-Bearer (level 4, -3/33 HPs)
             Began as an Octopode Fighter on May 4, 2021.
             Slain by Purgy (7 damage)
             ... on level 3 of the Dungeon.
             The game lasted 00:04:40 (2498 turns).

Zeld the Shield-Bearer (Octopode Fighter)           Turns: 2498, Time: 00:04:41

Health: -3/33      AC:  1    Str: 16    XL:     4   Next: 78%
Magic:  4/4        EV: 11    Int: 10    God:
Gold:   99         SH:  9    Dex: 11    Spells: 3/3 levels left

rFire    . . .     SeeInvis .   a - +0 war axe
rCold    . . .     Faith    .   b - +0 kite shield
rNeg     . . .     Spirit   .   (helmet restricted)
rPois    .         Reflect  .   (no amulet)
rElec    .         Harm     .   (no ring)
rCorr    .         Rampage  .   (no ring)
Will     .....                  (no ring)
Stlth    ++........             (no ring)
HPRegen  0.11/turn              (no ring)
MPRegen  0.09/turn              (no ring)
                                (no ring)
                                (no ring)

@: no status effects
A: almost no armour, amphibious, 8 rings, camouflage 1, gelatinous body 1,
(nimble swimmer 1), tentacles
a: no special abilities


You were on level 3 of the Dungeon.
You visited 1 branch of the dungeon, and saw 3 of its levels.

You collected 99 gold pieces.

Inventory:

Hand Weapons
 a - a +0 war axe (weapon)
Armour
 b - a +0 kite shield (worn)
Scrolls
 f - 2 scrolls of teleportation {unknown}
 g - 3 scrolls of identify {unknown}
 h - a scroll of noise {unknown}
 i - a scroll of immolation {unknown}
 l - a scroll of vulnerability {unknown}
 m - a scroll of enchant armour {unknown}
 n - a scroll of magic mapping {unknown}
Potions
 d - a potion of heal wounds {unknown}
 e - 2 potions of haste {unknown}
 j - 2 potions of brilliance {unknown}
 k - a potion of degeneration {unknown}


   Skills:
 * Level 3.9 Fighting
 * Level 3.2 Axes
 - Level 3.0 Dodging
 * Level 3.9 Shields


You had 3 spell levels left.
You didn't know any spells.
Your spell library contained the following spells:

 Spells                   Type           Power      Damage    Failure   Level
 Beastly Appendage        Tmut           0%         N/A       85%         1
 Summon Small Mammal      Summ           0%         N/A       85%         1
 Call Imp                 Summ           0%         N/A       94%         2
 Wereblood                Tmut           0%         N/A       94%         2
 Call Canine Familiar     Summ           0%         N/A       99%         3
 Spider Form              Tmut/Pois      0%         N/A       99%         3
 Summon Guardian Golem    Hex/Summ       0%         N/A       99%         3
 Ice Form                 Ice/Tmut       0%         N/A       100%        4
 Summon Ice Beast         Ice/Summ       0%         N/A       100%        4
 Summon Lightning Spire   Summ/Air       0%         N/A       100%        4
 Hydra Form               Tmut           0%         N/A       100%        5


Dungeon Overview and Level Annotations

Branches:
Dungeon (3/15)

Altars:

Annotations:
D:3 Purgy


Innate Abilities, Weirdness & Mutations

You cannot wear most types of armour.
You are amphibious.
You can wear up to eight rings at the same time.
Your skin changes colour to match your surroundings (Stealth+).
Your rubbery body absorbs attacks. (AC +1, EV +1)
((You are camouflaged near water. (Stealth+)))
You have tentacles for arms and can constrict up to eight enemies at once.


Message History

Press: ? - help, v - describe, . - travel
Here: Purgy (lightly wounded)
The floor.
You feel a little less mighty now.
Purgy hisses menacingly.
Purgy snarls, "My home!
Leave!"
Purgy hisses menacingly.
Purgy snarls, "My home!
Leave!"
Purgy bites you. You block Purgy's attack. Purgy claws you.
You see here a +0 club.
Purgy hisses menacingly.
Okay, then.
Okay, then.
Purgy bites you. You block Purgy's attack. x2
You block Purgy's attack. Purgy claws you. Purgy barely misses you.
There is a stone staircase leading up here.
There is a stone staircase leading up here.
Purgy misses you. x2; Purgy claws you.
* * * LOW HITPOINT WARNING * * *
Purgy closely misses you. You block Purgy's attack. x2
There is a stone staircase leading up here.
There is a stone staircase leading up here.
There is a stone staircase leading up here.
Purgy bites you.
* * * LOW HITPOINT WARNING * * *
Purgy closely misses you. Purgy claws you.
* * * LOW HITPOINT WARNING * * *
There is a stone staircase leading up here.
You block Purgy's attack. x2; Purgy claws you.
* * * LOW HITPOINT WARNING * * *
Purgy hisses, "I bite!"
Found 3 gold pieces.
There is a stone staircase leading up here.
There is a stone staircase leading up here.
You block Purgy's attack. x2; Purgy claws you.
* * * LOW HITPOINT WARNING * * *
There is a stone staircase leading up here.
There is a stone staircase leading up here.
Purgy bites you!
You die...

#....# ##...# .
#.#..# .. #....# ...
#####....# ####..
.........####...
............#.######
######
.........#T#........
.....
...........@..#######
#...#
########............#
#...# #............#
#...# #...)........#
#...# #......#######
#...#
#......############..
#.#....#........#...#
#.#...)#.######...#..
#.#.............###.#


You could see Purgy.

Vanquished Creatures
  5 adders
  A worm (D:2)
  A dart slug (D:3)
  5 ball pythons
  2 bats
  5 endoplasms
  A giant cockroach (D:1)
  3 goblins
  6 hobgoblins
  3 jackals (D:2)
  5 quokkas
  5 frilled lizards
  6 kobolds
  2 rats
50 creatures vanquished.

Notes
Turn   | Place    | Note
-------+----------+-------------------------------------------
     0 | D:1      | Zeld the Octopode Fighter began the quest for the Orb.
     0 | D:1      | Reached XP level 1. HP: 16/16 MP: 1/1
   185 | D:1      | Reached XP level 2. HP: 12/21 MP: 2/2
   853 | D:2      | Reached XP level 3. HP: 22/26 MP: 3/3
  1275 | D:2      | Found a faded altar of an unknown god.
  1330 | D:2      | Reached XP level 4. HP: 25/32 MP: 4/4
  2236 | D:3      | Noticed Purgy
  2260 | D:3      | HP: 1/33 [Purgy (6)]
  2272 | D:3      | HP: 1/33 [Purgy (2)]
  2498 | D:3      | Slain by Purgy

Illustrated notes

Levels and vault maps discovered:
D:1:      dpeg_arrival_windows_large_door, layout_basic, moated_statue
D:2:      layout_loops_ring, ebering_ecumenical_altar_hall,
          kennysheep_another_room, minmay_misc_feat_nine_boxes, minmay_domino_4
D:3:      wad_river_or_something, layout_basic, marbit_many_paths, uniq_purgy

Skill      XL: |  1  2  3  4 |
---------------+-------------+-----
Axes           | 3 |  3.2
Fighting       | |  3.9
Dodging        | |  3.0
Shields        | |  3.9

Action                   |  1- 3 |  4- 6 || total
-------------------------+-------+-------++-------
Melee: War axe           |    50 |    44 ||    94
       Constrict         |    13 |    11 ||    24
       Tentacles         |     7 |     7 ||    14
  Use: Potion            |       |     1 ||     1
 Stab: Sleeping          |     7 |     3 ||    10
       Distracted        |       |     1 ||     1
Armor: Skin              |     3 |     5 ||     8
Dodge: Dodged            |    23 |    26 ||    49
Block: Kite shield       |    17 |    39 ||    56

Table legend: (Time is in decaauts)
 A = Elapsed time spent in this place.
 B = Non-inter-level travel time spent in this place.
 C = Inter-level travel time spent in this place.
 D = Time resting spent in this place.
 E = Time spent auto-exploring this place.
 F = Levels seen in this place.
 G = Mean time per level.
                   A        B        C        D        E       F      G
               +--------+--------+--------+--------+--------+-----+--------+
         Total |   2554 |   2535 |     19 |      0 |   1952 |   3 |  851.3 |
       Dungeon |   2554 |   2535 |     19 |      0 |   1952 |   3 |  851.3 |
               +--------+--------+--------+--------+--------+-----+--------+

Top non-repeatable levels by time:
     D:2: 1360 daAuts
     D:1: 862 daAuts
     D:3: 331 daAuts
